 Dungeon Crawl Stone Soup version 0.31.0-11-ge490571c62 (webtiles) character file.

Game seed: 14483640279035515205

661 hikkokomori the Conjurer (level 7, -23/36 HPs)
             Began as a Gargoyle Alchemist on Jan 27, 2024.
             Annihilated by an ogre
             ... wielding a +0 giant club
              (33 damage)
             ... on level 5 of the Dungeon.
             The game lasted 00:06:34 (4230 turns).

hikkokomori the Conjurer (Gargoyle Alchemist)       Turns: 4230, Time: 00:06:35

Health: -23/36     AC:  8    Str: 14    XL:     7   Next: 56%
Magic:  10/13      EV: 11    Int: 20    God:
Gold:   221        SH:  0    Dex: 10    Spells: 8/14 levels left

rFire   . . .        u - +7 mace of the Exiled Scars {pain, +Blink rN++ SInv}
rCold   + + .        (no shield)
rNeg    + + +        t - +0 leather armour "Byurr" {rC++ Str+2 Int+3}
rPois   ∞            (no helmet)
rElec   +            s - +0 cloak
rCorr   .            (no gloves)
SInv    +            (no boots)
Will    .....        (no amulet)
Stlth   ++           d - ring of see invisible
HPRegen 0.26/turn    (no ring)
MPRegen 0.13/turn

%: no passive effects
@: very slightly contaminated
A: sickness immunity, AC +4, negative energy resistance 1, electricity
resistance, torment resistance 1, petrification resistance
a: Evoke Blink


You were on level 5 of the Dungeon.
You visited 1 branch of the dungeon, and saw 5 of its levels.

You collected 221 gold pieces.

Inventory:

Hand Weapons
 c - a +0 dagger
 g - a +1 dagger of speed
 j - a +4 short sword
 u - the +7 mace of the Exiled Scars (weapon) {pain, +Blink rN++ SInv}
   (You found it on level 3 of the Dungeon)

   rN++:      It greatly protects you from negative energy.
   SInv:      It lets you see invisible.
   +Blink:    It lets you blink.
Armour
 a - a +0 robe
 n - a scarf of invisibility
 s - a +0 cloak (worn)
 t - the +0 leather armour "Byurr" (worn) {rC++ Str+2 Int+3}
   (You found it on level 2 of the Dungeon)

   Str+2:     It affects your strength (+2).
   Int+3:     It affects your intelligence (+3).
   rC++:      It greatly protects you from cold.
Jewellery
 d - a ring of see invisible (left hand)
Scrolls
 h - a scroll of fog
 l - a scroll of enchant armour {unknown}
 m - a scroll of poison {unknown}
 o - a scroll of noise {unknown}
 p - a scroll of revelation
 q - 2 scrolls of teleportation {unknown}
 r - a scroll of butterflies {unknown}
 y - a scroll of blinking {unknown}
Potions
 b - a potion of magic
 e - a potion of haste {unknown}
 f - 5 potions of cancellation
 i - a potion of curing {unknown}
 k - a potion of degeneration {unknown}
 v - a potion of lignification {unknown}
 w - a potion of heal wounds
 x - a potion of attraction {unknown}
 z - a potion of brilliance {unknown}
 A - a potion of enlightenment {unknown}


   Skills:
 - Level 1.8 Dodging
 - Level 2.6 Stealth
 + Level 4.0 Spellcasting
 + Level 4.2 Conjurations
 + Level 2.8 Air Magic
 + Level 4.0 Alchemy


You had 8 spell levels left.
You knew the following spells:

 Your Spells              Type           Power      Damage    Failure   Level
a - Sting                 Conj/Alch      80%        1d8       3%          1
b - Mercury Vapours       Alch/Air       34%        N/A       6%          2
c - Mephitic Cloud        Conj/Alch/Air  19%        N/A       11%         3

Your spell library contained the following spells:

 Spells                   Type           Power      Damage    Failure   Level
 Lesser Beckoning         Tloc           8%         N/A       24%         2
 Olgreb's Toxic Radiance  Alch           20%        N/A       30%         4
 Gell's Gravitas          Tloc           4%         N/A       43%         3
 Teleport Other           Tloc           4%         N/A       43%         3
 Ignite Poison            Fire/Alch      12%        N/A       56%         4
 Leda's Liquefaction      Alch/Erth      6%         N/A       56%         4
 Sticky Flame             Fire/Alch      12%        2d5       56%         4
 Freezing Cloud           Conj/Ice/Air   6%         6-21      86%         5
 Lee's Rapid Deconstruct  Erth           2%         3d4*      99%         5
 Bombard                  Conj/Erth      6%         9d2       100%        6
 Cigotuvi's Dreadful Rot  Necr/Alch/Air  Unusable   N/A       N/A         2

Dungeon Overview and Level Annotations

Branches:
Dungeon (5/15)
 Temple: D:4-7

Altars:
Dithmenos
The Shining One

Shops:
D:1 =


Innate Abilities, Weirdness & Mutations

You are immune to sickness and miasma.
Your stone body is resilient. (AC +4)
You are immune to poison.
You resist negative energy. (rN+)
You are resistant to electric shocks. (rElec)
You are resistant to unholy torment.
You are immune to petrification.


Message History

Found a dagger.
There is an open door here.
Found a dagger.
You open the door.
There is an open door here.
You open the door. You open the door.
Found a leather armour.
There is an open door here.
You now have 221 gold pieces (gained 13).
You pick up a book of the Earth and begin reading...
You add the spells Leda's Liquefaction, Lee's Rapid Deconstruction and Bombard to your library.
An ogre is nearby!
An ogre is nearby!
The ogre shouts!
You see here a scarf of invisibility.
n - a scarf of invisibility The ogre hits you with a +0 giant club!
You barely miss the ogre. The ogre hits you with a +0 giant club!
* * * LOW HITPOINT WARNING * * *
You are too injured to fight recklessly!
You are too injured to fight recklessly!
You are too injured to fight recklessly!
You are too injured to fight recklessly!
You are too injured to fight recklessly!
You are too injured to fight recklessly!
You are too injured to fight recklessly!
You are too injured to fight recklessly!
You are too injured to fight recklessly!
Casting: Mephitic Cloud (quite dangerous; 11% risk of failure)
Confirm with . or Enter, or press ? or * to list all spells.
Aiming: Mephitic Cloud (quite dangerous; 11% risk of failure)
Press: ? - help, Shift-Dir - straight line, f - ogre
Aim: an ogre, wielding a +0 giant club (chance to affect: 77%)
You miscast Mephitic Cloud.
You are very lightly contaminated with residual magic.
Nothing appears to happen.
The ogre hits you with a +0 giant club!!
Ouch! That really hurt!
You die...

#...#
.........####.#.#.#####
....## #######+#######+#'##
.....###......?......#..).#
.....'.#.....÷.......#....#
.....#.#.............#....#
.....###......8......#....#
####.###....##.##....#....#
#..##....#...#....######
##..'...8..8.@8...'..
####....#.?.#O...#..
#....##.##....#
#......8......#
#.............#
#.............#
#.[...........#
#######'####### .#


You could see an ogre.

Vanquished Creatures
  2 black bears
  An ogre (D:5)
  A phantom (D:4)
  A jelly (D:5)
  2 hounds (D:5)
  A gnoll bouda (D:4)
  An iguana (D:4)
  A sleepcap (D:4)
  5 gnolls
  6 adders
  2 ribbon worms
  3 dart slugs
  7 orcs
  11 endoplasms
  4 giant cockroaches
  5 goblins
  7 hobgoblins
  3 jackals (D:1)
  11 kobolds
  3 quokkas
  6 ball pythons
  2 bats
  3 frilled lizards
  7 rats
95 creatures vanquished.

Notes
Turn   | Place    | Note
-------+----------+-------------------------------------------
     0 | D:1      | hikkokomori the Gargoyle Alchemist began the quest for the
                  | Orb.
     0 | D:1      | Reached XP level 1. HP: 10/10 MP: 3/3
   172 | D:1      | Reached XP level 2. HP: 15/15 MP: 1/5
   517 | D:1      | Found Qupn's Jewellery Shoppe.
   607 | D:1      | Reached XP level 3. HP: 19/19 MP: 1/6
   619 | D:1      | Learned a level 2 spell: Mercury Vapours
  1488 | D:2      | Identified the +0 leather armour "Byurr" {rC++ Str+2 Int+3}
  1606 | D:2      | Reached XP level 4. HP: 24/24 MP: 2/7
  1654 | D:2      | Learned a level 3 spell: Mephitic Cloud
  1736 | D:2      | Found a glowing golden altar of the Shining One.
  1793 | D:2      | Reached skill level 1 in Air Magic
  2211 | D:2      | Reached XP level 5. HP: 27/28 MP: 0/9
  2477 | D:3      | Identified the +7 mace of the Exiled Scars {pain, +Blink
                  | rN++ SInv}
  2637 | D:3      | Noticed a black bear
  2651 | D:3      | Killed a black bear
  2701 | D:3      | Reached XP level 6. HP: 11/32 MP: 10/10
  3444 | D:4      | Found a shadowy altar of Dithmenos.
  3842 | D:4      | Reached XP level 7. HP: 29/36 MP: 12/12
  3893 | D:5      | Entered Level 5 of the Dungeon
  4230 | D:5      | Annihilated by an ogre

Illustrated notes

Levels and vault maps discovered:
D:1:      moated_graveyard_arrival, layout_loops_ring, serial_shops, shop,
          dreamdust_mushroom_princess
D:2:      layout_basic, serial_forest, infiniplex_forest_lined_2,
          infiniplex_forest_clump_double, infiniplex_forest_split,
          infiniplex_forest_end_3, infiniplex_forest_lined_2,
          infiniplex_forest_split, infiniplex_forest_clump_cross, basic_altar,
          minmay_fractal_squares_5
D:3:      layout_rooms
D:4:      layout_basic, grunt_dithmenos_smoke
D:5:      layout_basic, nicolae_sif_muna_little_library,
          kennysheep_generic_room_2

Skill      XL: |  1  2  3  4  5  6  7 |
---------------+----------------------+-----
Conjurations   | 2 3 4 |  4.2
Air Magic      | 1 2 |  2.8
Alchemy        | 3 4 |  4.0
Spellcasting   | 3 4 |  4.0
Dodging        | |  1.8
Stealth        | |  2.6

Action                     |  1- 3 |  4- 6 |  7- 9 || total
---------------------------+-------+-------+-------++-------
  Melee: Unarmed           |     3 |       |       ||     3
         Dagger            |    13 |    22 |       ||    35
         Mace              |       |    82 |    25 ||   107
   Cast: Sting             |    83 |    40 |       ||   123
         Mephitic Cloud    |       |     4 |     5 ||     9
    Use: Scroll            |       |     4 |     1 ||     5
   Stab: Confused          |       |     3 |     1 ||     4
         Sleeping          |       |     1 |       ||     1
 Armour: Robe              |    26 |    19 |       ||    45
         Leather armour    |       |    65 |    22 ||    87
  Dodge: Dodged            |    23 |    86 |    16 ||   125
